Map: Terrasses de Prion

Players

Overdeath

  • Race: Protoss Protoss
  • League: Diamond

Worming - Winner!

  • Race: Zerg Zerg
  • League: Diamond

VOD

Have the link to the VOD?

Description

Time

  • Played on: Nov. 14, 2015, 4:23 a.m.
  • Length: 19:59
Show
View Real Time Build Order
Export as new Build Order

Overdeath Protoss 

Build Orders: Nexus First 

Get SALT Encoding   

  12  0:01  Probe (Chrono Boost)  
  13  0:12  Probe (Chrono Boost)  
  14  0:22  Probe (Chrono Boost)  
  15  0:44  Nexus  
  15  0:52  Pylon  
  15  1:11  Probe (Chrono Boost)  
  16  1:21  Probe (Chrono Boost)  
  17  1:31  Forge  
  17  1:36  Nexus  
  17  1:39  Probe (Chrono Boost)  
  18  1:50  Probe (Chrono Boost)  
  19  2:00  Probe (Chrono Boost)  
  20  2:01  Gateway  
  20  2:12  Pylon  
  20  2:20  Probe x2 (Chrono Boost)  
  22  2:27  Photon Cannon  
  22  2:29  Pylon  
  22  2:30  Probe (Chrono Boost)  
  22  2:32  Probe (Chrono Boost)  
  24  2:40  Probe (Chrono Boost)  
  24  2:41  Photon Cannon  
  25  2:49  Zealot (Chrono Boost)  
  27  2:56  Pylon  
  27  2:57  Probe x2  
  27  2:59  Probe  
  30  3:08  Probe (Chrono Boost)  
  33  3:12  Zealot (Chrono Boost)  
  33  3:15  Cybernetics Core  
  33  3:17  Probe (Chrono Boost)  
  33  3:18  Probe (Chrono Boost)  
  35  3:20  Probe (Chrono Boost)  
  36  3:28  Probe (Chrono Boost)  
  36  3:29  Probe (Chrono Boost)  
  38  3:35  Probe (Chrono Boost)  
  38  3:38  Probe (Chrono Boost)  
  38  3:40  Photon Cannon  
  38  4:00  Probe x2  
  38  4:01  Zealot (Chrono Boost)  
  39  4:10  Probe  
  39  4:11  Probe x2  
  39  4:13  Assimilator  
  39  4:14  Assimilator  
  42  4:19  Assimilator  
  42  4:21  Probe (Chrono Boost)  
  42  4:22  Probe x2 (Chrono Boost)  
  45  4:25  Assimilator, Zealot (Chrono Boost)  
  45  4:28  Photon Cannon  
  45  4:30  Assimilator  
  47  4:31  Pylon  
  47  4:34  Probe x3 (Chrono Boost)  
  50  4:44  Probe x2 (Chrono Boost)  
  53  4:45  Probe (Chrono Boost)  
  53  4:54  Mothership Core (Chrono Boost), Photon Cannon  
  53  4:55  Probe (Chrono Boost)  
  53  4:56  Probe (Chrono Boost)  
  53  4:58  Pylon  
  53  4:59  Warp Gate (Chrono Boost)  
  57  5:04  Probe (Chrono Boost), Adept (Chrono Boost)  
  61  5:07  Probe  
  61  5:12  Probe  
  62  5:14  Probe  
  62  5:15  Assimilator  
  62  5:19  Probe  
  64  5:21  Pylon  
  64  5:23  Probe (Chrono Boost)  
  64  5:25  Probe (Chrono Boost)  
  66  5:31  Probe (Chrono Boost), Stalker (Chrono Boost)  
  66  5:33  Pylon  
  66  5:35  Probe (Chrono Boost)  
  70  5:39  Probe (Chrono Boost)  
  70  5:42  Probe (Chrono Boost)  
  72  5:46  Probe (Chrono Boost)  
  72  5:48  Stargate, Robotics Facility  
  72  5:49  Pylon  
  74  5:51  Probe (Chrono Boost)  
  74  5:52  Gateway x2  
  74  5:53  Probe (Chrono Boost)  
  74  5:54  Gateway  
  74  5:56  Probe (Chrono Boost)  
  76  5:57  Protoss Ground Weapons Level 1 (Chrono Boost)  
  76  5:59  Pylon  
  76  6:00  Stalker (Chrono Boost)  
  76  6:02  Probe x2 (Chrono Boost)  
  78  6:07  Probe  
  81  6:12  Probe  
  81  6:13  Probe  
  81  6:15  Gateway  
  81  6:17  Gateway  
  83  6:19  Probe  
  83  6:23  Twilight Council  
  85  6:25  Probe  
  85  6:26  Probe  
  85  6:31  Probe  
  87  6:40  Void Ray (Chrono Boost)  
  87  6:43  Nexus, Immortal (Chrono Boost)  
  87  6:44  Pylon  
  87  6:46  Pylon  
  95  6:47  Pylon  
  95  6:48  Pylon  
  95  7:07  Blink (Chrono Boost)  
  95  7:08  Sentry x2  
  97  7:09  Stalker x2  
  97  7:13  Stalker  
  97  7:14  Stalker  
  97  7:15  Probe x2  
  109  7:18  Templar Archives  
  109  7:19  Observer  
  109  7:20  Photon Cannon  
  109  7:21  Probe  
  111  7:24  Void Ray  
  111  7:27  Probe  
  111  7:28  Probe  
  117  7:31  Protoss Ground Weapons Level 2  
  117  7:33  Probe, Pylon  
  117  7:37  Assimilator, Adept x4  
  120  7:39  Probe  
  120  7:40  Probe  
  120  7:43  Zealot x2  
  132  7:44  Assimilator  
  132  7:47  Observer (Chrono Boost)  
  132  7:48  Probe  
  134  7:51  Probe  
  134  7:52  Probe  
  136  8:00  Probe  
  137  8:07  Phoenix  
  143  8:27  Immortal (Chrono Boost)  
  143  8:45  Stalker x3  
  143  8:46  Stalker x2  
  153  8:51  Stalker  
  155  9:06  Void Ray  
  155  9:07  Immortal (Chrono Boost)  
  163  9:13  Resonating Glaives  
  163  9:19  Stalker x3  
  163  9:20  High Templar  
  171  9:31  Pylon x2  
  166  9:33  Pylon  
  118  9:50  Stalker x3  
  118  9:51  Stalker x2  
  111  9:53  Probe  
  111  9:54  Probe x2  
  114  10:01  Probe, Immortal (Chrono Boost)  
  114  10:03  Probe, Zealot  
  114  10:05  Photon Cannon  
  122  10:07  Photon Cannon  
  122  10:09  Nexus  
  117  10:20  Protoss Ground Weapons Level 3 (Chrono Boost)  
  117  10:23  High Templar x5  
  117  10:24  Probe, High Templar  
  117  10:25  Probe  
  130  10:30  Probe x2  
  130  10:35  Observer (Chrono Boost)  
  133  10:39  Gateway x2  
  133  10:42  Gateway  
  132  10:43  Assimilator  
  132  10:45  Gateway, Photon Cannon  
  132  10:48  Gateway, Assimilator  
  132  10:49  Archon  
  132  10:50  Archon x2, Photon Cannon  
  132  10:51  Gateway  
  132  10:53  Photon Cannon  
  132  10:54  Gateway  
  132  10:57  High Templar x2  
  132  10:58  High Templar x2  
  132  11:00  Zealot x2  
  132  11:01  Archon x2  
  142  11:09  Observer (Chrono Boost)  
  116  11:28  Observer (Chrono Boost)  
  116  11:30  Stalker  
  116  11:31  Stalker x5  
  129  11:38  Probe  
  129  11:39  Probe  
  121  11:54  Zealot x6  
  125  12:00  Probe (Chrono Boost)  
  125  12:01  Probe (Chrono Boost)  
  132  12:10  Nexus  
  114  12:19  Stalker x4  
  114  12:20  Observer, Stalker x3  
  111  12:28  Probe x2 (Chrono Boost)  
  111  12:29  Probe (Chrono Boost)  
  111  12:32  Probe  
  112  12:40  Probe  
  113  12:46  Adept x4  
  113  12:47  Adept  
  123  12:51  Adept x2  
  123  12:52  Adept x6  
  123  12:53  Immortal  
  123  12:56  Void Ray  
  147  13:03  Probe x2  
  149  13:09  Pylon  
  132  13:39  Zealot x10  
  148  13:42  Probe x3  
  151  13:48  Probe  
  151  13:52  Stalker  
  151  13:53  Stalker x2  
  151  13:54  Probe  
  159  14:00  Nexus  
  149  14:11  Stalker x2  
  149  14:12  Stalker x7  
  149  14:13  Stalker  
  165  14:22  Observer  
  159  14:39  Probe x3  
  159  14:41  Probe  
  163  14:48  Pylon  
  163  14:49  Pylon  
  163  14:50  Observer, High Templar x6  
  163  14:51  Probe, High Templar x4, Pylon  
  185  14:54  Archon x4  
  185  14:55  Archon  
  184  15:05  Stalker x3  
  190  15:08  Phoenix  
  187  15:16  Nexus  
  139  15:58  Stalker x6  
  139  15:59  Stalker x3  
  121  16:25  High Templar x4  
  108  16:26  High Templar x6  
  108  16:27  High Templar x3  
  108  16:29  Probe x2  
  108  16:31  Archon x3  
  108  16:32  Archon x3  
  130  16:39  Protoss Ground Armor Level 1 (Chrono Boost), Observer  
  130  16:40  Mothership Core  
  130  16:42  Void Ray  
  137  16:58  Observer  
  136  17:04  Stalker x2  
  136  17:05  Stalker x7  
  136  17:06  Stalker x3  
  136  17:07  Stalker  
  162  17:11  Nexus  
  138  17:41  Stalker x3  
  138  17:42  Stalker x5  
  138  17:43  Stalker x3  
  148  17:55  Stalker x2  
  100  18:48  Stalker x2  
  100  18:49  Stalker x6  
  100  18:50  Stalker x3  
  120  18:57  Stalker x2  
  104  19:22  Stalker  
  104  19:23  Stalker x3  
Show
View Real Time Build Order
Export as new Build Order

Worming Zerg - Winner!

Build Orders: Pool First, Lurkers 

Get SALT Encoding   

  12  0:02  Drone  
  13  0:13  Overlord  
  13  0:17  Drone  
  14  0:31  Drone x2  
  14  0:35  Drone  
  17  0:46  Drone  
  18  0:51  Spawning Pool  
  18  0:56  Drone  
  18  1:12  Hatchery  
  17  1:20  Drone  
  17  1:21  Drone  
  17  1:22  Extractor  
  18  1:30  Drone  
  19  1:38  Queen  
  22  1:40  Zergling x2  
  22  1:52  Overlord  
  22  1:58  Extractor  
  22  2:00  Drone  
  23  2:13  Zergling x2  
  24  2:16  Queen  
  26  2:33  Metabolic Boost  
  26  2:35  Hatchery  
  25  2:40  Zergling x6  
  28  3:07  Drone x7  
  33  3:50  Drone x8  
  40  4:11  Queen  
  40  4:13  Overlord x2  
  42  4:31  Queen, Evolution Chamber  
  42  4:32  Evolution Chamber, Lair, Hatchery  
  41  4:39  Drone x11  
  41  4:42  Extractor  
  41  4:43  Extractor  
  50  4:57  Zerg Missile Weapons Level 1, Zerg Ground Armor Level 1  
  49  5:09  Extractor  
  49  5:13  Queen  
  50  5:15  Overlord  
  50  5:16  Overlord x2  
  50  5:17  Overlord x2  
  50  5:19  Drone x2  
  52  5:21  Drone  
  53  5:32  Overlord x2  
  53  5:34  Drone x2  
  53  5:35  Drone x2  
  56  5:42  Drone  
  58  5:43  Roach Warren  
  57  5:59  Overlord x2  
  57  6:01  Drone x3  
  60  6:08  Drone x5  
  60  6:09  Overlord x2  
  65  6:14  Drone, Hydralisk Den  
  65  6:15  Drone x4  
  69  6:27  Overlord x3  
  69  6:28  Roach x2  
  73  6:39  Glial Reconstitution  
  73  6:42  Lurker Den  
  73  6:45  Spine Crawler  
  73  6:46  Spine Crawler  
  71  6:49  Drone x2, Extractor x2  
  71  6:50  Drone x3, Spine Crawler  
  71  6:51  Drone x2  
  75  7:01  Drone x2  
  77  7:02  Roach x6  
  89  7:11  Zergling x2  
  89  7:12  Zergling x2  
  91  7:20  Roach  
  91  7:21  Roach x9  
  111  7:26  Overseer  
  111  7:27  Overlord  
  111  7:28  Drone, Overlord  
  112  7:30  Overlord  
  112  7:32  Zerg Missile Weapons Level 2  
  112  7:39  Zerg Ground Armor Level 2  
  112  7:51  Overlord  
  112  7:52  Pneumatized Carapace  
  112  7:54  Roach  
  112  7:55  Roach x7  
  128  8:01  Ravager x6  
  128  8:02  Ravager  
  135  8:06  Drone x8  
  135  8:09  Extractor  
  135  8:11  Extractor  
  141  8:14  Hydralisk  
  141  8:15  Spine Crawler, Hydralisk x2  
  146  8:21  Hydralisk x3  
  152  8:31  Hydralisk  
  152  8:32  Hydralisk x2  
  158  8:52  Overseer x2  
  155  9:06  Lurker x2  
  155  9:07  Lurker x2  
  159  9:37  Hatchery  
  136  9:48  Hydralisk  
  136  9:49  Zergling x2, Hydralisk x6  
  136  9:50  Zergling x24  
  148  9:56  Lurker x3  
  151  10:00  Drone x3  
  151  10:01  Drone x3  
  156  10:27  Roach x10  
  176  10:38  Overlord  
  176  10:39  Overlord  
  176  10:46  Zerg Melee Weapons Level 1  
  176  10:48  Infestation Pit  
  175  10:57  Zergling x2, Hydralisk x3  
  176  11:10  Lurker x3  
  142  11:23  Roach, Hydralisk  
  142  11:24  Roach x8, Hydralisk x10  
  133  11:54  Muscular Augments  
  133  12:09  Hydralisk x2  
  133  12:10  Roach x3, Hydralisk x3  
  133  12:11  Roach x3  
  135  12:18  Extractor  
  135  12:21  Roach x2  
  135  12:22  Spine Crawler x2  
  114  12:26  Extractor  
  114  12:29  Roach  
  115  12:30  Roach x8  
  125  12:45  Hive  
  125  12:46  Zerg Melee Weapons Level 2  
  125  12:51  Drone x2  
  124  12:54  Roach  
  124  12:55  Roach x7  
  124  12:56  Roach, Hydralisk x3  
  124  12:57  Hydralisk x5  
  158  12:59  Lurker x5  
  135  13:28  Hatchery  
  124  13:37  Roach x5  
  124  13:38  Roach x7  
  124  13:41  Roach x9  
  144  13:42  Roach x4  
  166  13:57  Extractor  
  156  14:03  Extractor  
  155  14:17  Roach x7  
  149  14:30  Ravager x3  
  149  14:31  Ravager x4  
  141  14:44  Roach, Hydralisk  
  141  14:45  Roach x5, Hydralisk x8  
  155  14:47  Zergling x26  
  155  14:51  Drone  
  155  14:52  Drone  
  184  15:25  Zerg Missile Weapons Level 3, Zerg Ground Armor Level 3  
  184  15:27  Ultralisk Cavern  
  177  15:40  Roach  
  177  15:41  Roach x4  
  177  15:42  Overlord x3  
  130  16:26  Queen x2  
  130  16:28  Extractor  
  130  16:30  Chitinous Plating  
  131  16:35  Lurker x4  
  131  16:38  Roach  
  131  16:39  Roach x13  
  163  16:40  Ravager x2  
  163  16:41  Ravager x3  
  163  16:44  Zergling x4  
  170  16:54  Zergling x2  
  165  17:06  Drone  
  151  17:24  Hatchery  
  112  17:37  Ultralisk x6  
  112  17:38  Roach x12  
  128  17:51  Ultralisk  
  128  17:52  Roach x4  
  128  17:54  Extractor  
  128  17:55  Extractor  
  139  18:02  Zergling x2  
  139  18:05  Zergling x6  
  130  18:19  Hydralisk x4  
  132  18:20  Hatchery, Hydralisk x5  
  127  18:36  Hydralisk  
  127  18:37  Hydralisk x5  
  132  18:45  Zergling x12  
  136  18:53  Drone x3  
  139  18:58  Spine Crawler  
  139  19:00  Overseer x2, Spine Crawler  
  139  19:01  Overlord  
  139  19:02  Overlord x2  
  135  19:10  Zergling x2, Ultralisk  
  135  19:11  Zergling x12  
  135  19:13  Drone x4  
Tags
 
Add a new tag
Caveats
  • Supply blocks, unpowered buildings, or Contaminate may cause inaccurate times.
  • Supply counts are checked every 10 seconds.